Map: 大气2000-天梯版

Players

JieShi

  • Race: Protoss Protoss

iGMacSed (MacSed) - Winner!

  • Race: Protoss Protoss
  • League: Grandmaster

Event: DreamHack SC2 Masters 2021 Fall

VOD

Have the link to the VOD?

Description

Time

  • Played on: Aug. 5, 2021, 7:23 a.m.
  • Length: 11:49

All games in this series

Show
View Real Time Build Order
Export as new Build Order

JieShi Protoss 

Build Orders: Archon Immortal, Blink Stalkers 

Get SALT Encoding   

  12  0:00  Probe  
  13  0:12  Probe  
  14  0:17  Pylon  
  14  0:25  Probe (Chrono Boost)  
  16  0:37  Probe (Chrono Boost)  
  16  0:38  Gateway  
  16  0:43  Probe (Chrono Boost)  
  16  0:45  Assimilator  
  17  0:51  Probe  
  17  0:54  Assimilator  
  18  1:03  Probe (Chrono Boost)  
  19  1:07  Gateway  
  19  1:12  Probe (Chrono Boost)  
  19  1:17  Probe (Chrono Boost)  
  20  1:25  Cybernetics Core  
  21  1:29  Probe  
  22  1:33  Pylon  
  22  1:41  Probe  
  23  1:54  Probe  
  24  2:01  Stalker, Warp Gate  
  24  2:02  Stalker  
  28  2:12  Pylon  
  28  2:25  Pylon  
  28  2:31  Probe  
  28  2:33  Sentry  
  31  2:43  Probe  
  32  2:54  Pylon  
  32  2:55  Probe  
  32  2:57  Nexus  
  33  3:04  Sentry  
  35  3:06  Twilight Council  
  35  3:08  Probe  
  36  3:17  Shield Battery  
  36  3:20  Probe  
  37  3:32  Probe  
  38  3:38  Forge  
  38  3:44  Blink, Probe  
  39  3:50  Stalker  
  41  3:56  Probe (Chrono Boost)  
  42  4:07  Protoss Ground Weapons Level 1 (Chrono Boost), Probe (Chrono Boost)  
  44  4:11  Probe (Chrono Boost)  
  44  4:15  Probe (Chrono Boost)  
  45  4:19  Probe (Chrono Boost)  
  45  4:23  Probe (Chrono Boost)  
  46  4:29  Probe (Chrono Boost)  
  46  4:30  Probe (Chrono Boost)  
  48  4:35  Probe  
  48  4:36  Nexus  
  48  4:37  Probe  
  50  4:40  Pylon  
  50  4:47  Robotics Facility  
  50  4:48  Probe  
  50  4:49  Probe  
  52  4:52  Assimilator  
  52  5:00  Probe  
  52  5:01  Gateway, Probe  
  52  5:03  Gateway  
  54  5:07  Shield Battery  
  54  5:12  Probe  
  54  5:13  Sentry, Probe  
  58  5:16  Stalker  
  60  5:24  Probe  
  60  5:25  Probe  
  62  5:30  Pylon  
  62  5:35  Observer (Chrono Boost)  
  63  5:36  Probe  
  63  5:37  Stalker, Probe  
  63  5:40  Stalker  
  69  5:45  Pylon  
  69  5:46  Immortal (Chrono Boost)  
  73  5:55  Charge  
  73  5:56  Probe x2  
  76  5:57  Probe  
  76  6:07  Stalker x4  
  84  6:16  Immortal  
  88  6:18  Probe x2  
  88  6:22  Probe  
  88  6:25  Pylon  
  89  6:30  Gateway, Probe x2  
  91  6:34  Protoss Ground Weapons Level 2 (Chrono Boost), Gateway  
  91  6:43  Probe  
  91  6:44  Probe x2  
  94  6:52  Pylon  
  94  6:55  Gateway  
  94  7:00  Gateway  
  94  7:01  Assimilator, Pylon, Probe  
  94  7:02  Probe  
  94  7:05  Pylon, Immortal (Chrono Boost)  
  94  7:06  Assimilator  
  100  7:12  Pylon  
  100  7:13  Templar Archives  
  100  7:23  Probe  
  100  7:27  Zealot x2  
  100  7:28  Zealot x2  
  109  7:31  Observer  
  109  7:32  Photon Cannon  
  109  7:34  Warp Prism (Chrono Boost)  
  109  7:43  Photon Cannon  
  111  7:45  Shield Battery  
  111  7:46  Probe x2  
  111  7:48  Pylon  
  113  7:54  High Templar  
  113  7:55  High Templar, Zealot x4  
  125  7:59  Archon  
  125  8:03  Pylon  
  125  8:06  Zealot x2  
  125  8:10  Photon Cannon  
  125  8:11  Shield Battery, Immortal (Chrono Boost)  
  133  8:20  Zealot x3  
  133  8:21  Observer  
  131  8:30  Nexus  
  131  8:32  High Templar x2  
  131  8:33  High Templar x2  
  137  8:35  Zealot  
  137  8:40  Archon  
  137  8:41  Archon  
  139  8:44  Zealot x3  
  139  8:46  Protoss Ground Weapons Level 3 (Chrono Boost)  
  145  8:50  Pylon  
  145  8:58  Pylon  
  145  9:02  Warp Prism  
  145  9:03  Zealot  
  143  9:16  High Templar x2, Zealot  
  143  9:17  Zealot x2  
  151  9:22  Pylon  
  153  9:24  Archon  
  153  9:25  Probe  
  153  9:26  Probe x2  
  153  9:28  Shield Battery  
  154  9:32  Photon Cannon  
  154  9:34  Shield Battery, Immortal  
  154  9:36  High Templar x2  
  154  9:37  Zealot x3  
  164  9:41  Archon  
  168  9:46  Zealot  
  168  9:52  Zealot x2  
  172  9:53  Probe (Chrono Boost)  
  172  9:59  Gateway  
  175  10:02  Gateway  
  175  10:03  Probe (Chrono Boost)  
  176  10:08  High Templar x2  
  176  10:09  Zealot x3  
  176  10:13  Archon  
  176  10:14  Zealot x3  
  190  10:29  Pylon  
  190  10:32  High Templar x2, Zealot  
  196  10:37  Archon  
  190  10:47  Zealot  
  190  10:48  Zealot x4  
Show
View Real Time Build Order
Export as new Build Order

iGMacSed Protoss - Winner!

Build Orders: Zealot Archon 

Get SALT Encoding   

  12  0:00  Probe  
  13  0:12  Probe  
  14  0:17  Pylon  
  14  0:24  Probe (Chrono Boost)  
  15  0:36  Gateway, Probe (Chrono Boost)  
  16  0:44  Probe (Chrono Boost)  
  16  0:46  Assimilator  
  17  0:50  Probe  
  17  0:55  Assimilator  
  18  1:03  Probe (Chrono Boost)  
  19  1:08  Gateway  
  19  1:15  Probe (Chrono Boost)  
  20  1:21  Probe (Chrono Boost)  
  20  1:24  Cybernetics Core  
  21  1:29  Probe  
  22  1:41  Probe  
  23  1:48  Pylon  
  23  2:00  Warp Gate  
  23  2:06  Stalker, Probe  
  23  2:07  Sentry  
  28  2:11  Pylon  
  28  2:18  Probe  
  29  2:26  Pylon  
  29  2:33  Sentry  
  29  2:36  Stalker  
  33  2:51  Nexus  
  33  2:57  Shield Battery  
  33  3:00  Sentry  
  33  3:03  Probe (Chrono Boost)  
  37  3:13  Probe (Chrono Boost)  
  37  3:21  Pylon, Probe (Chrono Boost)  
  38  3:29  Twilight Council  
  38  3:34  Probe (Chrono Boost)  
  39  3:42  Probe (Chrono Boost)  
  39  3:43  Forge  
  39  3:48  Probe  
  42  4:03  Blink (Chrono Boost), Probe (Chrono Boost)  
  42  4:04  Probe (Chrono Boost)  
  43  4:12  Probe (Chrono Boost)  
  43  4:15  Probe (Chrono Boost)  
  43  4:16  Protoss Ground Weapons Level 1 (Chrono Boost)  
  45  4:19  Probe (Chrono Boost)  
  45  4:20  Pylon  
  46  4:24  Probe (Chrono Boost)  
  46  4:30  Robotics Facility  
  48  4:34  Probe x2 (Chrono Boost)  
  48  4:37  Assimilator  
  49  4:39  Probe (Chrono Boost)  
  49  4:41  Probe  
  51  4:46  Gateway  
  51  4:48  Gateway  
  51  4:50  Probe  
  52  4:53  Probe  
  53  5:03  Probe  
  54  5:09  Pylon  
  54  5:12  Nexus  
  54  5:13  Probe  
  55  5:15  Probe  
  55  5:20  Observer  
  57  5:24  Stalker x2  
  57  5:27  Probe x2  
  63  5:29  Pylon  
  63  5:34  Shield Battery  
  63  5:39  Probe x2  
  65  5:43  Adept x2  
  65  5:47  Pylon  
  69  5:51  Probe  
  69  5:52  Stalker x2  
  69  5:54  Probe  
  75  6:04  Probe  
  76  6:06  Probe  
  76  6:11  Pylon, Charge  
  77  6:16  Probe  
  79  6:18  Probe  
  79  6:20  Protoss Ground Weapons Level 2 (Chrono Boost)  
  75  6:26  Probe  
  75  6:28  Probe  
  75  6:30  Gateway, Probe  
  75  6:32  Gateway x2  
  78  6:36  Gateway  
  78  6:39  Shield Battery, Probe  
  79  6:42  Probe  
  79  6:45  Assimilator  
  80  6:47  Assimilator  
  80  6:51  Pylon, Probe  
  80  6:53  Pylon  
  81  7:01  Zealot x4  
  81  7:02  Templar Archives  
  81  7:04  Pylon, Probe  
  90  7:10  Warp Prism  
  90  7:11  Probe  
  93  7:18  Pylon  
  93  7:19  Pylon  
  93  7:30  Gateway  
  93  7:33  Gateway  
  93  7:39  High Templar x4  
  93  7:41  High Templar x2  
  93  7:42  Zealot x2  
  109  7:44  Nexus  
  109  7:45  Pylon  
  109  7:46  Archon x3  
  109  7:53  Probe x2  
  111  7:58  Pylon  
  111  8:04  Probe  
  112  8:07  Photon Cannon, Protoss Ground Weapons Level 3 (Chrono Boost), Probe  
  112  8:08  High Templar x2  
  112  8:09  Shield Battery  
  112  8:11  Zealot  
  112  8:12  Zealot x3  
  123  8:13  Archon  
  123  8:16  Zealot x2  
  127  8:21  Pylon  
  121  8:27  Pylon  
  121  8:32  Robotics Bay  
  121  8:43  Robotics Facility  
  121  8:49  Zealot x6  
  121  8:50  Zealot x4  
  141  8:56  Pylon  
  141  8:58  Shield Battery x2  
  141  9:14  High Templar x2  
  141  9:15  Zealot x7  
  157  9:20  Archon  
  157  9:21  Disruptor (Chrono Boost)  
  157  9:23  Probe  
  157  9:24  Probe  
  162  9:28  Zealot  
  164  9:36  Disruptor (Chrono Boost)  
  165  9:47  Disruptor (Chrono Boost)  
  165  9:52  Gateway x2  
  168  9:56  High Templar x2, Zealot  
  168  9:57  Zealot x7  
  188  10:00  Archon  
  188  10:15  Gateway  
  188  10:19  Pylon  
  182  10:22  Zealot x5  
  182  10:23  High Templar  
  182  10:24  High Templar  
  182  10:25  Zealot  
  182  10:28  Archon  
  190  10:48  Zealot x8  
  140  10:57  Stalker x2  

Tags
 
Add a new tag
Caveats
  • Supply blocks, unpowered buildings, or Contaminate may cause inaccurate times.
  • Supply counts are checked every 10 seconds.